 Dungeon Crawl Stone Soup version 0.25-a0-479-g8579842fd4 (webtiles) character file.

Game seed: 15156700587985602006, levelgen mode: deterministic

5223 Eurus the Destroyer (level 10, -9/77 HPs)
             Began as a Mummy Conjurer on Feb 9, 2020.
             Was a Believer of Ashenzari.
             Mangled by a yak (11 damage)
             ... on level 9 of the Dungeon.
             The game lasted 00:27:24 (10640 turns).

Eurus the Destroyer (Mummy Conjurer)               Turns: 10640, Time: 00:27:24

Health: -9/77      AC:  7    Str: 12    XL:     10   Next: 35%
Magic:  5/22       EV: 12    Int: 17    God:    Ashenzari [**....]
Gold:   306        SH:  0    Dex: 16    Spells: 19/26 levels left

rFire    + . .     SeeInvis .   n - +4 halberd
rCold    + . .     Gourm    .   (shield currently unavailable)
rNeg     + + +     Faith    .   j - +2 robe "Ryrrenk" {rF++ rN+ Dex+3}
rPois    ∞         Spirit   .   o - +2 helmet (curse)
rElec    .         Reflect  .   (no cloak)
rCorr    .         Harm     .   (no gloves)
MR       +....                  (no boots)
Stlth    +++.......             (no amulet)
HPRegen  0.22/turn              m - ring of stealth
MPRegen  0.18/turn              (no ring)

@: no status effects
A: no food or potions, fire vulnerability, cold resistance 1, negative energy
resistance 3, torment resistance, unbreathing
a: Curse Item, Scrying, Renounce Religion


You were on level 9 of the Dungeon.
You worshipped Ashenzari.
Ashenzari was pleased with you.
You were not hungry.

You visited 2 branches of the dungeon, and saw 10 of its levels.

You collected 306 gold pieces.

Inventory:

Hand Weapons
 a - a +5 falchion of freezing
 e - a +1 dagger
 n - a +4 halberd (weapon)
Armour
 j - the +2 robe "Ryrrenk" (worn) {rF++ rN+ Dex+3}
   (You found it on level 6 of the Dungeon)

   It affects your dexterity (+3).
   It greatly protects you from fire.
   It protects you from negative energy.
   If you remove this armour, your AC will fall 4 points (7 -> 3)
 o - a cursed +2 helmet (worn)
Jewellery
 m - a ring of stealth (left hand)
Scrolls
 b - 2 scrolls of summoning
 c - 3 scrolls of magic mapping
 d - a scroll of enchant armour
 f - 3 scrolls of amnesia
 g - a scroll of identify
 h - a scroll of fog
 i - a scroll of enchant weapon
 l - 2 scrolls of teleportation


   Skills:
 + Level 6.9 Fighting
 - Level 1.5 Dodging
 - Level 1.5 Stealth
 + Level 8.8 Spellcasting
 * Level 9.0 Conjurations
 + Level 5.3 Translocations


You had 19 spell levels left.
You knew the following spells:

 Your Spells              Type           Power        Failure   Level  Hunger
a - Magic Dart            Conj           ####         1%          1    N/A
b - Searing Ray           Conj           #####.       1%          2    N/A
c - Iskenderun's Mystic   Conj/Tloc      ####....     4%          4    N/A

Your spell library contained the following spells:

 Spells                   Type           Power        Failure   Level  Hunger
 Apportation              Tloc           ####..       1%          1    N/A
 Foxfire                  Conj/Fire      ###.         1%          1    N/A
 Conjure Flame            Conj/Fire      ###.....     4%          3    N/A
 Dazzling Flash           Conj/Hex       ###...       4%          3    N/A
 Animate Skeleton         Necr           N/A          10%         1    N/A
 Corona                   Hex            #......      10%         1    N/A
 Summon Small Mammal      Summ           #...         10%         1    N/A
 Fulminant Prism          Conj/Hex       ###.......   16%         4    N/A
 Sticky Flame             Conj/Fire      ###.....     16%         4    N/A
 Inner Flame              Hex/Fire       #.......     28%         3    N/A
 Fireball                 Conj/Fire      ###.......   38%         5    N/A

Dungeon Overview and Level Annotations

Branches:
Dungeon (9/15)             Temple (1/1) D:4
   Lair: D:8-11         Orc: D:9-12

Altars:
Ashenzari
Cheibriados
Dithmenos
Elyvilon
Fedhas
Gozag
Hepliaklqana
Kikubaaqudgha
Makhleb
Okawaru
Qazlal
Ru
Sif Muna
Trog
Uskayaw
Vehumet
Wu Jian
Xom
Yredelemnul
Zin
The Shining One

Shops:
D:4 *   D:7 *?(%(


Innate Abilities, Weirdness & Mutations

You do not eat or drink.
Your flesh is vulnerable to fire.
You are immune to poison.
Your flesh is cold resistant. (rC+)
You are immune to negative energy. (rN+++)
You are immune to unholy pain and torment.
You can survive without breathing.


Message History

Casting: Searing Ray (safe; 1% risk of failure)
Confirm with . or Enter, or press ? or * to list all spells.
Aiming: Searing Ray (safe; 1% risk of failure)
Press: ? - help, Shift-Dir - straight line, f/p - yak
Aim: a yak (severely wounded)
The searing ray hits the yak!
The yak is almost dead.
The searing ray hits the yak!
You kill the yak!
Your Conjurations skill increases to level 9! (Press . to maintain the ray.)
The yak misses you. The yak barely misses you.
Unknown command.
Unknown command.
Unknown command.
Unknown command.
Okay, then.
The yak barely misses you. The yak gores you!
You die...

......##.....###..##...#
......#......##...##...#
......#.....(##.........#
..........)<.##.##..#...#
..........(÷.#..##..#,,.#
.....##...#........#....*
........(.........##$..#
#............##Y.......#
...#.........Y.Y@.....##
>###.........###...#### .
#.......#..# #.#%#
.#...##).##### #####
.....###.# #...## (.#*
#... .... ..#


You could see 3 yaks.

Vanquished Creatures
  Pikel (D:8)
  A hippogriff (D:7)
  7 yaks (D:9)
  A water moccasin (D:8)
  An ice beast (D:7)
  A slave (D:8)
  4 ogres
  2 phantoms
  3 centaurs
  A big kobold (D:9)
  6 bullfrogs
  3 scorpions
  5 killer bees (D:8)
  14 wights
  2 howler monkeys (D:8)
  2 crimson imps (D:5)
  2 centaur zombies
  2 bullfrog zombies
  2 bullfrog skeletons (D:6)
  2 hounds
  6 jellies
  A centaur skeleton (D:8)
  A gnoll shaman (D:8)
  2 iguanas
  3 orc wizards
  5 worker ants
  A killer bee zombie (D:8)
  A hound zombie (D:5)
  A hound skeleton (D:5)
  A howler monkey zombie (D:6)
  5 adders
  11 gnolls
  2 oozes
  4 adder skeletons
  3 worms
  2 dart slugs
  7 leopard geckos
  10 orcs
  4 bats
  7 giant cockroaches
  5 hobgoblins
  16 jackals
  13 kobolds
  5 quokkas
  A ball python (D:6)
  4 frilled lizards
  2 goblins
  2 leopard gecko skeletons
  A quokka skeleton (D:4)
  A quokka zombie (D:8)
  8 rats
197 creatures vanquished.

Vanquished Creatures (others)
  An orc (D:8)
1 creature vanquished.

Grand Total: 198 creatures vanquished

Notes
Turn   | Place    | Note
-------+----------+-------------------------------------------
     0 | D:1      | Eurus the Mummy Conjurer began the quest for the Orb.
     0 | D:1      | Reached XP level 1. HP: 13/13 MP: 4/4
   225 | D:1      | Reached XP level 2. HP: 20/20 MP: 0/5
   229 | D:1      | Learned a level 2 spell: Searing Ray
   571 | D:1      | Reached skill level 1 in Fighting
  1153 | D:2      | Found an ancient bone altar of Kikubaaqudgha.
  1155 | D:2      | Found a hazy altar of Hepliaklqana.
  1216 | D:2      | Found a sacrificial altar of Ru.
  1238 | D:2      | Reached XP level 3. HP: 26/26 MP: 3/7
  1562 | D:2      | Found a burning altar of Makhleb.
  1860 | D:2      | Reached skill level 4 in Conjurations
  2280 | D:3      | Reached XP level 4. HP: 32/32 MP: 4/9
  3107 | D:3      | Reached XP level 5. HP: 36/38 MP: 6/10
  3113 | D:3      | Learned a level 4 spell: Iskenderun's Mystic Blast
  3588 | D:4      | Found Zin's Purification Station.
  3649 | D:4      | Found a glowing silver altar of Zin.
  4147 | D:4      | Found a staircase to the Ecumenical Temple.
  4257 | Temple   | Entered the Ecumenical Temple
  4317 | Temple   | Became a worshipper of Ashenzari the Shackled
  4468 | D:5      | Entered Level 5 of the Dungeon
  4480 | D:5      | Noticed an ogre
  4486 | D:5      | Killed an ogre
  4486 | D:5      | Reached skill level 1 in Translocations
  4486 | D:5      | Reached XP level 6. HP: 46/46 MP: 5/12
  4577 | D:5      | Reached skill level 5 in Conjurations
  5017 | D:5      | Found a blossoming altar of Fedhas.
  5018 | D:5      | Found an ornate altar of the Wu Jian Council.
  5018 | D:5      | Found a stormy altar of Qazlal.
  5033 | D:5      | Found a white marble altar of Elyvilon.
  5243 | D:5      | Reached skill level 5 in Spellcasting
  5243 | D:5      | Reached XP level 7. HP: 48/52 MP: 6/14
  5583 | D:5      | Found an opulent altar of Gozag.
  6411 | D:6      | Got the uncursed robe "Ryrrenk" {rF++ rN+ Dex+3}
  6422 | D:6      | Identified the +2 robe "Ryrrenk" {rF++ rN+ Dex+3} (You
                  | found it on level 6 of the Dungeon)
  6608 | D:6      | Reached XP level 8. HP: 60/60 MP: 11/16
  6631 | D:6      | Reached skill level 6 in Conjurations
  6765 | D:6      | Found a shadowy altar of Dithmenos.
  7057 | D:7      | Reached * piety under Ashenzari
  7070 | D:7      | Found Sowash's Weapon Emporium.
  7143 | D:7      | Found an iron altar of Okawaru.
  7340 | D:7      | Found Yzypno Firho's Magic Scroll Boutique.
  7396 | D:7      | Found Kesei's Food Boutique.
  7497 | D:7      | Reached skill level 5 in Fighting
  7559 | D:7      | Reached skill level 7 in Conjurations
  7828 | D:7      | Found Uteqei's Assorted Antiques.
  7830 | D:7      | Noticed a hippogriff
  7848 | D:7      | Killed a hippogriff
  7848 | D:7      | Reached XP level 9. HP: 11/68 MP: 9/19
  8345 | D:7      | Found Ciamutar's Antique Weapon Shop.
  9416 | D:8      | Noticed Pikel
  9463 | D:8      | Killed Pikel
  9463 | D:8      | Reached skill level 8 in Conjurations
 10259 | D:9      | Reached ** piety under Ashenzari
 10268 | D:9      | Reached XP level 10. HP: 71/77 MP: 12/22
 10354 | D:9      | Reached skill level 5 in Translocations
 10636 | D:9      | HP: 1/77 [yak (13)]
 10638 | D:9      | Reached skill level 9 in Conjurations
 10640 | D:9      | Mangled by a yak

Levels and vault maps discovered:
D:1:      dpeg_arrival_water_fire, layout_basic
D:2:      layout_basic, nicolae_overflow_hidden_temple, minmay_strange_pillars,
          minmay_misc_feat_chi, bloody_makhleb
D:3:      layout_basic, first_ration
D:4:      layout_rooms, zin_purify, minmay_temple_entry_statues
D:5:      layout_loops_cross, nicolae_overflow_quartered_altars,
          marbit_many_paths
D:6:      layout_cave_pools, grunt_dithmenos_smoke
D:7:      kb_forest_paths, layout_basic, lemuel_round_altar, serial_shops, shop,
          shop_fountains, kennysheep_mini_moat, shop, shop
D:8:      layout_loops_ring, uniq_pikel
D:9:      layout_cave_pools, lemuel_coloured_pillars_altar
Temple:   zaba_magenta_temple

Skill      XL: |  1  2  3  4  5  6  7  8  9 10 |
---------------+-------------------------------+-----
Spellcasting   | 3 4 5 7 8 |  8.8
Fighting       | 1 2 3 4 5 6 |  6.9
Conjurations   | 4 5 7 8 9 |  9.0
Translocations | 1 2 3 4 5 |  5.3
Dodging        | |  1.5
Stealth        | |  1.5

Action                   |  1- 3 |  4- 6 |  7- 9 | 10-12 || total
-------------------------+-------+-------+-------+-------++-------
Melee: Unarmed           |     2 |       |       |       ||     2
       Club              |    15 |       |       |       ||    15
       Dagger            |    18 |    23 |     9 |       ||    50
       Halberd           |       |       |    28 |    12 ||    40
 Cast: Magic Dart        |    52 |    63 |    66 |     4 ||   185
       Searing Ray       |     6 |    20 |    82 |    15 ||   123
Invok: Curse Item        |       |       |     1 |       ||     1
  Use: Scroll            |       |     8 |     2 |       ||    10
 Stab: Sleeping          |       |       |     1 |       ||     1
Armor: Robe              |     6 |    10 |    45 |    12 ||    73
Dodge: Dodged            |    25 |    31 |    91 |    33 ||   180

Table legend:
 A = Non-vault XP
 B = Vault XP
 C = Vault XP percentage of total XP
 D = Non-vault monster count
 E = Vault monster count
 F = Vault count percentage of total count
                 A         B        C        D         E       F
            +---------+---------+-------+---------+---------+-------
      Total |    6659 |     803 |  10.8 |     191 |       5 |   2.6
            +---------+---------+-------+---------+---------+-------
        D:1 |      33 |       0 |   0.0 |      17 |       0 |   0.0
        D:2 |      55 |       0 |   0.0 |      21 |       0 |   0.0
        D:3 |     109 |       0 |   0.0 |      14 |       0 |   0.0
        D:4 |     138 |       0 |   0.0 |      13 |       0 |   0.0
        D:5 |     532 |       3 |   0.6 |      15 |       1 |   6.2
        D:6 |     735 |       0 |   0.0 |      28 |       0 |   0.0
        D:7 |    1601 |     127 |   7.3 |      25 |       3 |  10.7
        D:8 |    1504 |     673 |  30.9 |      38 |       1 |   2.6
        D:9 |    1952 |       0 |   0.0 |      20 |       0 |   0.0
            +---------+---------+-------+---------+---------+-------
